Kings vs Oilers

Created - November-01-14 at 10:26

Goals
1 2 3 T
Kings 1 0 1 2
Oilers 4 0 1 5
Shots
1 2 3 T
Kings 9 4 15 28
Oilers 18 8 8 34

1st period

1. Oilers , Brooks Laich 4 (Charlie Coyle, Jake Muzzin) at 4:24
2. Oilers , Brian Campbell 3 (Dainius Zubrus, Marc Methot) at 6:06 (PP)
3. Oilers , Charlie Coyle 3 (Brooks Laich, Mats Zuccarello) at 6:57 (PP)
4. Oilers , Travis Zajac 3 (Mats Zuccarello, Mikkel Boedker) at 14:43 (PP)
5. Kings , Ryan Nugent-Hopkins 9 (Tobias Enstrom, Tyler Myers) at 16:22

Penalties :
Nikolai Kulemin (EDM) for Hooking (Minor) at 4:52, Tyler Myers (LOS) for Roughing (Minor) at 4:52, Tobias Enstrom (LOS) for Hooking (Minor) at 5:46, Chad Ruhwedel (EDM) for Roughing (Minor) at 8:34, Tyler Myers (LOS) for Roughing (Minor) at 13:59, Blair Jones (LOS) for Hooking (Minor) at 16:49

2nd period

No Goal

Penalties :
Robyn Regehr (LOS) for Hooking (Minor) at 19:06

3rd period

6. Oilers , Dainius Zubrus 7 (Brooks Laich, Jake Muzzin) at 2:06
7. Kings , Ryan Nugent-Hopkins 10 (Sean Monahan, Robyn Regehr) at 9:24

Penalties :
Dennis Seidenberg (LOS) for Hooking (Minor) at 2:28, Kris Letang (LOS) for Holding (Minor) at 4:09, Olli Maatta (EDM) for Fighting (Major) at 17:19, Jamie McBain (LOS) for Fighting (Major) at 17:19

Goalie Stats

Ilya Bryzgalov (LOS), 29 saves from 34 shots - (0.853), L, 2-3-0, 60:00 minutes
Kari Lehtonen (EDM), 26 saves from 28 shots - (0.929), W, 4-5-1, 60:00 minutes

Players Stats for Kings

Player Name              G  A  P  +/- PIM S  H  SB GA TA FO     MP     PP MP  PK MP  
------------------------------------------------------------------------------------
Blair Jones              0  0  0   0  2   0  2  0  0  0  1/2    13:16   0:59   0:46 
Brian Gionta             0  0  0  -2  0   2  5  0  0  0  0/1    16:17   0:00   0:00 
Colin Wilson             0  0  0  -2  0   2  1  0  0  0  0/0    17:16   0:59   0:00 
Dennis Seidenberg        0  0  0  -1  2   2  2  0  0  0  0/0    23:21   0:00   4:21 
Deryk Engelland          0  0  0   0  0   0  0  0  0  0  0/0     0:00   0:00   0:00 
Dustin Penner            0  0  0   0  0   2  0  0  0  0  0/0     6:42   0:59   0:00 
J.T. Brown               0  0  0   0  0   3  0  0  0  0  0/0    12:10   0:00   0:00 
Jamie McBain             0  0  0   0  5   1  0  3  0  0  0/0    17:17   0:59   0:37 
Kris Letang              0  0  0  -1  2   2  1  3  0  0  0/0    23:40   1:00   4:20 
Michal Handzus           0  0  0   0  0   2  0  1  0  0  13/27  17:37   0:00   5:27 
Mikael Granlund          0  0  0  -2  0   4  2  0  0  0  8/18   18:56   1:00   0:00 
Mike Richards            0  0  0   2  0   2  3  0  0  0  0/1    20:42   1:00   5:40 
Mikhail Grabovski        0  0  0   0  0   0  0  0  0  0  3/5     8:18   0:00   2:35 
Robyn Regehr             0  1  1   0  2   1  1  1  0  0  0/0    15:40   0:00   0:20 
Ryan Nugent-Hopkins      2  0  2   2  0   3  2  0  0  0  12/22  24:16   1:00   2:30 
Sean Monahan             0  1  1   2  0   2  2  0  0  0  0/0    14:24   1:00   0:00 
Tobias Enstrom           0  1  1   1  2   0  1  2  0  0  0/0    19:30   0:00   4:02 
Tyler Myers              0  1  1   1  4   0  3  3  0  0  0/0    19:25   0:59   3:55 

Players Stats for Oilers

Player Name              G  A  P  +/- PIM S  H  SB GA TA FO     MP     PP MP  PK MP  
------------------------------------------------------------------------------------
Aleksander Barkov        0  0  0   0  0   1  0  0  0  0  7/12   13:39   0:00   0:00 
Brian Campbell           1  0  1  -1  0   3  0  2  0  0  0/0    26:19   5:02   1:00 
Brooks Laich             1  2  3   0  0   1  2  0  0  0  0/0    19:56   3:00   0:00 
Chad Ruhwedel            0  0  0   0  2   0  3  1  0  0  0/0    14:21   0:00   0:00 
Charlie Coyle            1  1  2   0  0   1  2  2  0  0  1/2    19:56   3:00   0:00 
Colin McDonald           0  0  0   0  0   0  1  0  0  0  0/0     2:20   0:00   0:00 
Dainius Zubrus           1  1  2   0  0   4  0  0  0  0  10/25  20:57   3:00   0:41 
Dennis Wideman           0  0  0   1  0   1  0  3  0  0  0/0    19:19   3:26   0:59 
Drew Miller              0  0  0   0  0   3  0  0  0  0  0/0    13:48   0:00   0:09 
Jake Muzzin              0  2  2   1  0   1  1  1  0  0  0/0    19:19   3:26   0:59 
Marc Methot              0  1  1  -1  0   2  0  0  0  0  0/0    23:41   5:02   1:00 
Martin Marincin          0  0  0   0  0   0  0  0  0  0  0/0     2:50   0:00   0:00 
Mats Zuccarello          0  2  2   0  0   5  4  0  0  0  4/9    25:15   5:28   1:09 
Mikkel Boedker           0  1  1   0  0   3  1  0  0  0  0/2    21:08   5:28   0:41 
Nikita Kucherov          0  0  0   0  0   0  0  0  0  0  0/0     2:20   0:00   0:00 
Nikolai Kulemin          0  0  0   0  2   1  2  0  0  0  0/0    13:38   0:00   0:00 
Olli Maatta              0  0  0   0  5   2  1  1  0  0  0/0    14:09   0:00   0:00 
Travis Zajac             1  0  1   0  0   6  0  0  0  0  17/26  23:04   5:28   1:18 

3 Stars

1 - Ryan Nugent-Hopkins (LOS)
2 - Brooks Laich (EDM)
3 - Charlie Coyle (EDM)

Power Play

Kings - 0 on 1 Attempt(s) - 0.00%
Oilers - 3 on 6 Attempt(s) - 50.00%

Penalty Kill

Kings - 3 on 6 Attempt(s) - 50.00% - Score 0 goal in Penalty Kill
Oilers - 1 on 1 Attempt(s) - 100.00% - Score 0 goal in Penalty Kill

Official

Referees : Dave Lewis and Dennis LaRue
Linesman : Mike Cvik and Brad Kovachik

Game Notes

Olli Maatta beats up Jamie McBain at 17:19 of 3rd period

Finance

Level 1 -- Attendance: 6133 (94.35%) -- Ticket Income $582,635
Level 2 -- Attendance: 3855 (77.10%) -- Ticket Income $308,400
Level 3 -- Attendance: 1972 (56.34%) -- Ticket Income $153,816
Level 4 -- Attendance: 839 (100.00%) -- Ticket Income $64,603
Luxury Box -- Attendance: 720 (72.00%) -- Ticket Income $172,800
Game was played at the Rexall Place
Total Attendance: 13519 (80.28%)
Total Ticket Income: $1,282,254
Other Income: $192,338
Total Income: $1,474,592

% Time on Ice - Kings

Lines # - Real PCT - Wanted PCT - Time Play
Normal Forward
1 - 28% - 40% - 13:24
2 - 34% - 30% - 16:17
3 - 12% - 20% - 5:43
4 - 26% - 10% - 12:10
Normal Defense
1 - 37% - 40% - 17:44
2 - 29% - 30% - 13:48
3 - 32% - 20% - 15:21
4 - 1% - 10% - 0:41
PP Forward
1 - 50% - 60% - 1:00
2 - 50% - 40% - 0:59
PP Defense
1 - 50% - 60% - 1:00
2 - 50% - 40% - 0:59
PK Forward
1 - 69% - 60% - 5:40
2 - 31% - 40% - 2:30
PK Defense
1 - 64% - 60% - 5:14
2 - 36% - 40% - 2:56
PK3 Forward
1 - 100% - 60% - 0:38
2 - 0% - 40% - 0:00
PK3 Defense
1 - 53% - 60% - 0:20
2 - 47% - 40% - 0:18
44 Forward
1 - 100% - 60% - 1:39
2 - 0% - 40% - 0:00
44 Defense
1 - 36% - 60% - 0:36
2 - 64% - 40% - 1:03
Last Minute Offensive  - 0:00
Last Minute Defensive  - 0:00
Total
Forward - 60:00
Defense - 60:00

% Time on Ice - Oilers

Lines # - Real PCT - Wanted PCT - Time Play
Normal Forward
1 - 31% - 40% - 14:39
2 - 36% - 30% - 16:56
3 - 29% - 20% - 13:39
4 - 5% - 10% - 2:20
Normal Defense
1 - 35% - 40% - 16:43
2 - 29% - 30% - 13:51
3 - 30% - 20% - 14:22
4 - 6% - 10% - 2:38
PP Forward
1 - 65% - 60% - 5:28
2 - 35% - 40% - 3:00
PP Defense
1 - 59% - 60% - 5:02
2 - 41% - 40% - 3:26
PK Forward
1 - 66% - 60% - 1:18
2 - 34% - 40% - 0:41
PK Defense
1 - 50% - 60% - 1:00
2 - 50% - 40% - 0:59
PK3 Forward
1 - 0% - 60%
2 - 0% - 40%
PK3 Defense
1 - 0% - 60%
2 - 0% - 40%
44 Forward
1 - 83% - 60% - 1:39
2 - 17% - 40% - 0:20
44 Defense
1 - 47% - 60% - 0:56
2 - 53% - 40% - 1:03
Last Minute Offensive  - 0:00
Last Minute Defensive  - 0:00
Total
Forward - 60:00
Defense - 60:00

Play by Play

1st period


0:01 of 1st period - Ryan Nugent-Hopkins wins face-off versus Travis Zajac in neutral zone.
0:12 of 1st period - Shot by Mikkel Boedker.
0:12 of 1st period - Stopped by Ilya Bryzgalov with a rebound.
0:30 of 1st period - Shot by Mats Zuccarello.
0:30 of 1st period - Shot Misses the Net.
0:32 of 1st period - Shot by Brian Campbell.
0:32 of 1st period - Stopped by Ilya Bryzgalov without a rebound.
0:33 of 1st period - Mikael Granlund wins face-off versus Dainius Zubrus in Kings zone.
1:37 of 1st period - Ryan Nugent-Hopkins is hit by Chad Ruhwedel and loses puck.
2:08 of 1st period - Shot by Nikolai Kulemin.
2:08 of 1st period - Shot Misses the Net.
2:55 of 1st period - J.T. Brown is hit by Mats Zuccarello and loses puck.
3:24 of 1st period - Brian Gionta is hit by Mats Zuccarello and loses puck.
3:28 of 1st period - Icing by Colin Wilson.
3:29 of 1st period - Dainius Zubrus wins face-off versus Mikael Granlund in Kings zone.
3:34 of 1st period - Shot by Charlie Coyle.
3:34 of 1st period - Deflect By Dainius Zubrus.
3:34 of 1st period - Shot Misses the Net.
3:42 of 1st period - Shot by Mikael Granlund.
3:42 of 1st period - Stopped by Kari Lehtonen without a rebound.
3:43 of 1st period - Ryan Nugent-Hopkins wins face-off versus Aleksander Barkov in Oilers zone.
3:54 of 1st period - Shot by Aleksander Barkov.
3:54 of 1st period - Stopped by Ilya Bryzgalov with a rebound.
3:56 of 1st period - Shot by Olli Maatta.
3:56 of 1st period - Shot Blocked by Tobias Enstrom.
3:58 of 1st period - Shot by Nikolai Kulemin.
3:58 of 1st period - Stopped by Ilya Bryzgalov without a rebound.
3:59 of 1st period - Mikael Granlund wins face-off versus Dainius Zubrus in Kings zone.
4:24 of 1st period - Shot by Brooks Laich.
4:24 of 1st period - Goal by Brooks Laich - Kings : 0 - Oilers : 1.
4:25 of 1st period - Mats Zuccarello wins face-off versus Ryan Nugent-Hopkins in neutral zone.
4:45 of 1st period - Icing by Tyler Myers.
4:46 of 1st period - Aleksander Barkov wins face-off versus Ryan Nugent-Hopkins in Kings zone.
4:52 of 1st period - Minor Penalty to Nikolai Kulemin for Hooking.
4:52 of 1st period - Minor Penalty to Tyler Myers for Roughing.
4:53 of 1st period - Mats Zuccarello wins face-off versus Ryan Nugent-Hopkins in Kings zone.
4:54 of 1st period - Shot by Travis Zajac.
4:54 of 1st period - Stopped by Ilya Bryzgalov with a rebound.
5:02 of 1st period - Shot by Travis Zajac.
5:02 of 1st period - Stopped by Ilya Bryzgalov without a rebound.
5:03 of 1st period - Ryan Nugent-Hopkins wins face-off versus Mats Zuccarello in Kings zone.
5:24 of 1st period - Shot by Ryan Nugent-Hopkins.
5:24 of 1st period - Shot Misses the Net.
5:26 of 1st period - Shot by Mikael Granlund.
5:26 of 1st period - Deflect By Ryan Nugent-Hopkins.
5:26 of 1st period - Shot Hit the Post.
5:28 of 1st period - Shot by Kris Letang.
5:28 of 1st period - Stopped by Kari Lehtonen without a rebound.
5:29 of 1st period - Mats Zuccarello wins face-off versus Ryan Nugent-Hopkins in Oilers zone.
5:31 of 1st period - Icing by Travis Zajac.
5:32 of 1st period - Ryan Nugent-Hopkins wins face-off versus Mats Zuccarello in Oilers zone.
5:46 of 1st period - Minor Penalty to Tobias Enstrom for Hooking.
5:47 of 1st period - Michal Handzus wins face-off versus Mikkel Boedker in Kings zone.
6:04 of 1st period - Shot by Dainius Zubrus.
6:04 of 1st period - Stopped by Ilya Bryzgalov with a rebound.
6:06 of 1st period - Shot by Brian Campbell.
6:06 of 1st period - Goal by Brian Campbell - Kings : 0 - Oilers : 2.
6:07 of 1st period - Ryan Nugent-Hopkins wins face-off versus Mats Zuccarello in neutral zone.
6:57 of 1st period - Shot by Charlie Coyle.
6:57 of 1st period - Goal by Charlie Coyle - Kings : 0 - Oilers : 3.
6:58 of 1st period - Dainius Zubrus wins face-off versus Michal Handzus in neutral zone.
7:01 of 1st period - Shot by Brian Campbell.
7:01 of 1st period - Shot Misses the Net.
7:48 of 1st period - Icing by Brian Campbell.
7:49 of 1st period - Dainius Zubrus wins face-off versus Ryan Nugent-Hopkins in Oilers zone.
7:49 of 1st period - Dainius Zubrus is hit by Mike Richards.
8:05 of 1st period - Shot by Sean Monahan.
8:05 of 1st period - Stopped by Kari Lehtonen without a rebound.
8:06 of 1st period - Travis Zajac wins face-off versus Mikael Granlund in Oilers zone.
8:06 of 1st period - Travis Zajac is hit by Brian Gionta.
8:30 of 1st period - Shot by Mikael Granlund.
8:30 of 1st period - Shot Hit the Post.
8:32 of 1st period - Shot by Brian Gionta.
8:32 of 1st period - Stopped by Kari Lehtonen without a rebound.
8:33 of 1st period - Ryan Nugent-Hopkins wins face-off versus Aleksander Barkov in Oilers zone.
8:33 of 1st period - Tobias Enstrom is hit by Chad Ruhwedel and loses puck.
8:34 of 1st period - Minor Penalty to Chad Ruhwedel for Roughing.
8:35 of 1st period - Ryan Nugent-Hopkins wins face-off versus Mats Zuccarello in Oilers zone.
8:40 of 1st period - Shot by Mikael Granlund.
8:40 of 1st period - Stopped by Kari Lehtonen without a rebound.
8:41 of 1st period - Ryan Nugent-Hopkins wins face-off versus Mats Zuccarello in Oilers zone.
8:42 of 1st period - Shot by Mikael Granlund.
8:42 of 1st period - Shot Misses the Net.
8:44 of 1st period - Shot by Mikael Granlund.
8:44 of 1st period - Shot Blocked by Jake Muzzin.
9:56 of 1st period - Shot by Dustin Penner.
9:56 of 1st period - Shot Misses the Net.
10:44 of 1st period - Aleksander Barkov is hit by Mike Richards and loses puck.
11:12 of 1st period - Shot by Drew Miller.
11:12 of 1st period - Stopped by Ilya Bryzgalov without a rebound.
11:13 of 1st period - Dainius Zubrus wins face-off versus Mikael Granlund in Kings zone.
11:17 of 1st period - Charlie Coyle is hit by Kris Letang and loses puck.
11:34 of 1st period - Martin Marincin is hit by Brian Gionta and loses puck.
12:02 of 1st period - Shot by Dustin Penner.
12:02 of 1st period - Stopped by Kari Lehtonen without a rebound.
12:03 of 1st period - Travis Zajac wins face-off versus Michal Handzus in Oilers zone.
12:38 of 1st period - Shot by Mats Zuccarello.
12:38 of 1st period - Stopped by Ilya Bryzgalov without a rebound.
12:39 of 1st period - Aleksander Barkov wins face-off versus Ryan Nugent-Hopkins in Kings zone.
12:48 of 1st period - Shot by Ryan Nugent-Hopkins.
12:48 of 1st period - Shot Blocked by Chad Ruhwedel.
12:50 of 1st period - Shot by Mike Richards.
12:50 of 1st period - Shot Misses the Net.
12:52 of 1st period - Shot by Robyn Regehr.
12:52 of 1st period - Stopped by Kari Lehtonen with a rebound.
13:52 of 1st period - Shot by Mats Zuccarello.
13:52 of 1st period - Stopped by Ilya Bryzgalov without a rebound.
13:53 of 1st period - Dainius Zubrus wins face-off versus Michal Handzus in Kings zone.
13:55 of 1st period - Charlie Coyle is hit by Tyler Myers and loses puck.
13:59 of 1st period - Minor Penalty to Tyler Myers for Roughing.
14:00 of 1st period - Michal Handzus wins face-off versus Travis Zajac in Kings zone.
14:19 of 1st period - Shot by Brian Campbell.
14:19 of 1st period - Shot Misses the Net.
14:21 of 1st period - Shot by Brian Campbell.
14:21 of 1st period - Stopped by Ilya Bryzgalov without a rebound.
14:22 of 1st period - Charlie Coyle wins face-off versus Michal Handzus in Kings zone.
14:25 of 1st period - Shot by Dennis Wideman.
14:25 of 1st period - Shot Misses the Net.
14:27 of 1st period - Shot by Dennis Wideman.
14:27 of 1st period - Stopped by Ilya Bryzgalov with a rebound.
14:29 of 1st period - Shot by Brooks Laich.
14:29 of 1st period - Shot Misses the Net.
14:31 of 1st period - Shot by Dainius Zubrus.
14:31 of 1st period - Stopped by Ilya Bryzgalov without a rebound.
14:32 of 1st period - Travis Zajac wins face-off versus Michal Handzus in Kings zone.
14:41 of 1st period - Shot by Mikkel Boedker.
14:41 of 1st period - Shot Misses the Net.
14:43 of 1st period - Shot by Mats Zuccarello.
14:43 of 1st period - Deflect By Travis Zajac.
14:43 of 1st period - Goal by Travis Zajac - Kings : 0 - Oilers : 4.
14:44 of 1st period - Mikhail Grabovski wins face-off versus Dainius Zubrus in neutral zone.
14:44 of 1st period - Ryan Nugent-Hopkins is hit by Charlie Coyle and loses puck.
15:16 of 1st period - Icing by Brian Campbell.
15:17 of 1st period - Mikael Granlund wins face-off versus Dainius Zubrus in Oilers zone.
15:20 of 1st period - Shot by Colin Wilson.
15:20 of 1st period - Stopped by Kari Lehtonen with a rebound.
15:22 of 1st period - Shot by Brian Gionta.
15:22 of 1st period - Shot Blocked by Brian Campbell.
15:24 of 1st period - Shot by Dennis Seidenberg.
15:24 of 1st period - Shot Blocked by Charlie Coyle.
15:44 of 1st period - Shot by Mikael Granlund.
15:44 of 1st period - Shot Blocked by Brian Campbell.
16:22 of 1st period - Shot by Ryan Nugent-Hopkins.
16:22 of 1st period - Goal by Ryan Nugent-Hopkins - Kings : 1 - Oilers : 4.
16:23 of 1st period - Travis Zajac wins face-off versus Michal Handzus in neutral zone.
16:26 of 1st period - Michal Handzus is hit by Mats Zuccarello and loses puck.
16:49 of 1st period - Minor Penalty to Blair Jones for Hooking.
16:50 of 1st period - Travis Zajac wins face-off versus Michal Handzus in Kings zone.
16:59 of 1st period - Icing by Mats Zuccarello.
17:00 of 1st period - Michal Handzus wins face-off versus Travis Zajac in Oilers zone.
17:21 of 1st period - Shot by Mats Zuccarello.
17:21 of 1st period - Shot Misses the Net.
18:42 of 1st period - Icing by Jake Muzzin.
18:43 of 1st period - Michal Handzus wins face-off versus Travis Zajac in Oilers zone.
18:57 of 1st period - Icing by Jamie McBain.
18:58 of 1st period - Aleksander Barkov wins face-off versus Mikael Granlund in Kings zone.
19:03 of 1st period - Shot by Drew Miller.
19:03 of 1st period - Stopped by Ilya Bryzgalov with a rebound.
19:05 of 1st period - Shot by Chad Ruhwedel.
19:05 of 1st period - Shot Blocked by Robyn Regehr.
19:07 of 1st period - Shot by Drew Miller.
19:07 of 1st period - Shot Misses the Net.
19:09 of 1st period - Shot by Aleksander Barkov.
19:09 of 1st period - Shot Blocked by Jamie McBain.
19:15 of 1st period - Shot by Nikolai Kulemin.
19:15 of 1st period - Shot Misses the Net.
19:17 of 1st period - Shot by Nikolai Kulemin.
19:17 of 1st period - Shot Blocked by Jamie McBain.
Goals for this period are 1 for Kings vs 4 for Oilers.
Shots for this period are 9 for Kings vs 18 for Oilers.

2nd period


0:01 of 2nd period - Travis Zajac wins face-off versus Mike Richards in neutral zone.
0:01 of 2nd period - Marc Methot is hit by Mike Richards.
0:03 of 2nd period - Shot by Travis Zajac.
0:03 of 2nd period - Stopped by Ilya Bryzgalov without a rebound.
0:04 of 2nd period - Travis Zajac wins face-off versus Ryan Nugent-Hopkins in Kings zone.
0:33 of 2nd period - Shot by Mats Zuccarello.
0:33 of 2nd period - Shot Blocked by Kris Letang.
0:35 of 2nd period - Shot by Marc Methot.
0:35 of 2nd period - Shot Misses the Net.
0:47 of 2nd period - Shot by Mikkel Boedker.
0:47 of 2nd period - Stopped by Ilya Bryzgalov with a rebound.
1:13 of 2nd period - Shot by Charlie Coyle.
1:13 of 2nd period - Shot Misses the Net.
1:15 of 2nd period - Shot by Brooks Laich.
1:15 of 2nd period - Shot Misses the Net.
2:04 of 2nd period - Off-side.
2:05 of 2nd period - Blair Jones wins face-off versus Aleksander Barkov in neutral zone.
2:10 of 2nd period - Shot by J.T. Brown.
2:10 of 2nd period - Stopped by Kari Lehtonen with a rebound.
2:12 of 2nd period - Shot by Robyn Regehr.
2:12 of 2nd period - Shot Misses the Net.
2:14 of 2nd period - Shot by Michal Handzus.
2:14 of 2nd period - Stopped by Kari Lehtonen without a rebound.
2:15 of 2nd period - Travis Zajac wins face-off versus Mikhail Grabovski in Oilers zone.
2:15 of 2nd period - Travis Zajac is hit by Ryan Nugent-Hopkins.
2:18 of 2nd period - Icing by Mats Zuccarello.
2:19 of 2nd period - Travis Zajac wins face-off versus Ryan Nugent-Hopkins in Oilers zone.
2:19 of 2nd period - Travis Zajac is hit by Sean Monahan.
3:12 of 2nd period - Travis Zajac is hit by Sean Monahan and loses puck.
3:42 of 2nd period - Icing by Brian Gionta.
3:43 of 2nd period - Dainius Zubrus wins face-off versus Mikael Granlund in Kings zone.
3:52 of 2nd period - Olli Maatta is hit by Mikael Granlund and loses puck.
5:19 of 2nd period - Icing by Jamie McBain.
5:20 of 2nd period - Travis Zajac wins face-off versus Michal Handzus in Kings zone.
5:47 of 2nd period - Travis Zajac is hit by Robyn Regehr and loses puck.
6:00 of 2nd period - Shot by Mikkel Boedker.
6:00 of 2nd period - Shot Blocked by Jamie McBain.
6:02 of 2nd period - Shot by Mats Zuccarello.
6:02 of 2nd period - Stopped by Ilya Bryzgalov without a rebound.
6:03 of 2nd period - Ryan Nugent-Hopkins wins face-off versus Dainius Zubrus in Kings zone.
6:03 of 2nd period - Ryan Nugent-Hopkins is hit by Brooks Laich.
6:25 of 2nd period - Shot by Ryan Nugent-Hopkins.
6:25 of 2nd period - Shot Misses the Net.
6:30 of 2nd period - Dainius Zubrus is hit by Dennis Seidenberg and loses puck.
6:37 of 2nd period - Shot by Mike Richards.
6:37 of 2nd period - Shot Blocked by Olli Maatta.
6:59 of 2nd period - Shot by Drew Miller.
6:59 of 2nd period - Stopped by Ilya Bryzgalov without a rebound.
7:00 of 2nd period - Travis Zajac wins face-off versus Brian Gionta in Kings zone.
7:14 of 2nd period - Mats Zuccarello is hit by Tobias Enstrom and loses puck.
7:17 of 2nd period - Shot by Mikkel Boedker.
7:17 of 2nd period - Shot Blocked by Tyler Myers.
7:23 of 2nd period - Shot by Mats Zuccarello.
7:23 of 2nd period - Shot Misses the Net.
7:33 of 2nd period - Mikael Granlund is hit by Mats Zuccarello and loses puck.
7:40 of 2nd period - Shot by Marc Methot.
7:40 of 2nd period - Shot Misses the Net.
7:42 of 2nd period - Shot by Brian Campbell.
7:42 of 2nd period - Shot Misses the Net.
7:44 of 2nd period - Shot by Brian Campbell.
7:44 of 2nd period - Shot Misses the Net.
7:46 of 2nd period - Shot by Marc Methot.
7:46 of 2nd period - Shot Misses the Net.
8:11 of 2nd period - Icing by Dennis Seidenberg.
8:12 of 2nd period - Ryan Nugent-Hopkins wins face-off versus Dainius Zubrus in Kings zone.
8:12 of 2nd period - Ryan Nugent-Hopkins is hit by Charlie Coyle.
8:25 of 2nd period - Icing by Chad Ruhwedel.
8:26 of 2nd period - Michal Handzus wins face-off versus Dainius Zubrus in Oilers zone.
8:26 of 2nd period - Robyn Regehr is hit by Olli Maatta and loses puck.
8:47 of 2nd period - Shot by Michal Handzus.
8:47 of 2nd period - Shot Misses the Net.
9:37 of 2nd period - Shot by Mats Zuccarello.
9:37 of 2nd period - Shot Blocked by Kris Letang.
10:17 of 2nd period - Shot by Mats Zuccarello.
10:17 of 2nd period - Shot Misses the Net.
10:38 of 2nd period - Shot by Aleksander Barkov.
10:38 of 2nd period - Shot Misses the Net.
12:10 of 2nd period - Shot by Dainius Zubrus.
12:10 of 2nd period - Stopped by Ilya Bryzgalov without a rebound.
12:11 of 2nd period - Dainius Zubrus wins face-off versus Mikael Granlund in Kings zone.
12:34 of 2nd period - Shot by Mikael Granlund.
12:34 of 2nd period - Stopped by Kari Lehtonen without a rebound.
12:35 of 2nd period - Aleksander Barkov wins face-off versus Michal Handzus in Oilers zone.
12:54 of 2nd period - Olli Maatta is hit by Blair Jones and loses puck.
13:05 of 2nd period - Shot by Michal Handzus.
13:05 of 2nd period - Stopped by Kari Lehtonen without a rebound.
13:06 of 2nd period - Mikael Granlund wins face-off versus Travis Zajac in Oilers zone.
13:45 of 2nd period - Shot by Mikkel Boedker.
13:45 of 2nd period - Shot Misses the Net.
14:08 of 2nd period - Icing by Dennis Wideman.
14:09 of 2nd period - Michal Handzus wins face-off versus Dainius Zubrus in Oilers zone.
15:21 of 2nd period - Shot by Nikolai Kulemin.
15:21 of 2nd period - Shot Misses the Net.
15:23 of 2nd period - Shot by Olli Maatta.
15:23 of 2nd period - Stopped by Ilya Bryzgalov without a rebound.
15:24 of 2nd period - Mikael Granlund wins face-off versus Travis Zajac in Kings zone.
15:58 of 2nd period - Shot by Mikkel Boedker.
15:58 of 2nd period - Stopped by Ilya Bryzgalov without a rebound.
15:59 of 2nd period - Mikhail Grabovski wins face-off versus Aleksander Barkov in Kings zone.
15:59 of 2nd period - Mikhail Grabovski is hit by Nikolai Kulemin.
16:07 of 2nd period - Drew Miller is hit by Ryan Nugent-Hopkins and loses puck.
16:39 of 2nd period - Mikhail Grabovski is hit by Chad Ruhwedel and loses puck.
17:08 of 2nd period - Dennis Seidenberg is hit by Mikkel Boedker.
17:25 of 2nd period - Shot by Mats Zuccarello.
17:25 of 2nd period - Stopped by Ilya Bryzgalov without a rebound.
17:26 of 2nd period - Dainius Zubrus wins face-off versus Mikael Granlund in Kings zone.
17:30 of 2nd period - Icing by Tyler Myers.
17:31 of 2nd period - Mikael Granlund wins face-off versus Dainius Zubrus in Kings zone.
18:36 of 2nd period - Brian Campbell is hit by Blair Jones and loses puck.
19:06 of 2nd period - Minor Penalty to Robyn Regehr for Hooking.
19:07 of 2nd period - Travis Zajac wins face-off versus Michal Handzus in Kings zone.
19:58 of 2nd period - Shot by Jake Muzzin.
19:58 of 2nd period - Shot Blocked by Tobias Enstrom.
Goals for this period are 0 for Kings vs 0 for Oilers.
Shots for this period are 4 for Kings vs 8 for Oilers.

3rd period


0:01 of 3rd period - Michal Handzus wins face-off versus Travis Zajac in neutral zone.
1:10 of 3rd period - Olli Maatta is hit by Mikael Granlund and loses puck.
1:14 of 3rd period - Olli Maatta is hit by Colin Wilson and loses puck.
2:06 of 3rd period - Shot by Dainius Zubrus.
2:06 of 3rd period - Goal by Dainius Zubrus - Kings : 1 - Oilers : 5.
2:07 of 3rd period - Mikhail Grabovski wins face-off versus Dainius Zubrus in neutral zone.
2:25 of 3rd period - Icing by Dennis Seidenberg.
2:26 of 3rd period - Travis Zajac wins face-off versus Mikhail Grabovski in Kings zone.
2:28 of 3rd period - Minor Penalty to Dennis Seidenberg for Hooking.
2:29 of 3rd period - Travis Zajac wins face-off versus Michal Handzus in Kings zone.
2:39 of 3rd period - Shot by Mats Zuccarello.
2:39 of 3rd period - Shot Misses the Net.
2:41 of 3rd period - Shot by Marc Methot.
2:41 of 3rd period - Deflect By Mats Zuccarello.
2:41 of 3rd period - Stopped by Ilya Bryzgalov without a rebound.
2:42 of 3rd period - Dainius Zubrus wins face-off versus Michal Handzus in Kings zone.
2:42 of 3rd period - Dainius Zubrus is hit by Tyler Myers.
3:06 of 3rd period - Shot by Dainius Zubrus.
3:06 of 3rd period - Shot Blocked by Michal Handzus.
3:08 of 3rd period - Shot by Marc Methot.
3:08 of 3rd period - Shot Blocked by Kris Letang.
3:10 of 3rd period - Shot by Brooks Laich.
3:10 of 3rd period - Shot Misses the Net.
3:12 of 3rd period - Shot by Marc Methot.
3:12 of 3rd period - Stopped by Ilya Bryzgalov without a rebound.
3:13 of 3rd period - Travis Zajac wins face-off versus Michal Handzus in Kings zone.
3:42 of 3rd period - Shot by Jake Muzzin.
3:42 of 3rd period - Shot Blocked by Tyler Myers.
3:45 of 3rd period - Mikkel Boedker is hit by Tyler Myers and loses puck.
3:56 of 3rd period - Shot by Jake Muzzin.
3:56 of 3rd period - Stopped by Ilya Bryzgalov with a rebound.
3:58 of 3rd period - Shot by Travis Zajac.
3:58 of 3rd period - Shot Misses the Net.
4:08 of 3rd period - Shot by Brian Campbell.
4:08 of 3rd period - Shot Blocked by Tyler Myers.
4:09 of 3rd period - Minor Penalty to Kris Letang for Holding.
4:10 of 3rd period - Michal Handzus wins face-off versus Charlie Coyle in Kings zone.
5:58 of 3rd period - Shot by Brian Campbell.
5:58 of 3rd period - Shot Misses the Net.
6:00 of 3rd period - Shot by Marc Methot.
6:00 of 3rd period - Stopped by Ilya Bryzgalov without a rebound.
6:01 of 3rd period - Michal Handzus wins face-off versus Dainius Zubrus in Kings zone.
6:31 of 3rd period - Chad Ruhwedel is hit by Brian Gionta and loses puck.
7:48 of 3rd period - Shot by Mats Zuccarello.
7:48 of 3rd period - Deflect By Travis Zajac.
7:48 of 3rd period - Stopped by Ilya Bryzgalov without a rebound.
7:49 of 3rd period - Michal Handzus wins face-off versus Dainius Zubrus in Kings zone.
7:51 of 3rd period - Icing by J.T. Brown.
7:52 of 3rd period - Michal Handzus wins face-off versus Mikkel Boedker in Kings zone.
8:46 of 3rd period - Travis Zajac is hit by Brian Gionta and loses puck.
8:51 of 3rd period - Shot by Jamie McBain.
8:51 of 3rd period - Stopped by Kari Lehtonen without a rebound.
8:52 of 3rd period - Ryan Nugent-Hopkins wins face-off versus Dainius Zubrus in Oilers zone.
9:04 of 3rd period - Shot by Sean Monahan.
9:04 of 3rd period - Shot Blocked by Dennis Wideman.
9:06 of 3rd period - Shot by Sean Monahan.
9:06 of 3rd period - Shot Blocked by Dennis Wideman.
9:22 of 3rd period - Shot by Sean Monahan.
9:22 of 3rd period - Stopped by Kari Lehtonen with a rebound.
9:24 of 3rd period - Shot by Ryan Nugent-Hopkins.
9:24 of 3rd period - Goal by Ryan Nugent-Hopkins - Kings : 2 - Oilers : 5.
9:25 of 3rd period - Aleksander Barkov wins face-off versus Mikael Granlund in neutral zone.
9:28 of 3rd period - Shot by Olli Maatta.
9:28 of 3rd period - Stopped by Ilya Bryzgalov with a rebound.
10:52 of 3rd period - Sean Monahan is hit by Nikolai Kulemin and loses puck.
11:38 of 3rd period - Shot by J.T. Brown.
11:38 of 3rd period - Stopped by Kari Lehtonen without a rebound.
11:39 of 3rd period - Mikael Granlund wins face-off versus Dainius Zubrus in Oilers zone.
11:39 of 3rd period - Mikael Granlund is hit by Jake Muzzin.
11:41 of 3rd period - Shot by Kris Letang.
11:41 of 3rd period - Stopped by Kari Lehtonen with a rebound.
11:49 of 3rd period - Brian Gionta is hit by Brooks Laich and loses puck.
12:00 of 3rd period - Shot by Brian Gionta.
12:00 of 3rd period - Stopped by Kari Lehtonen with a rebound.
12:04 of 3rd period - Shot by Mikael Granlund.
12:04 of 3rd period - Stopped by Kari Lehtonen with a rebound.
12:06 of 3rd period - Shot by Dennis Seidenberg.
12:06 of 3rd period - Stopped by Kari Lehtonen with a rebound.
12:08 of 3rd period - Shot by Brian Gionta.
12:08 of 3rd period - Shot Blocked by Charlie Coyle.
12:10 of 3rd period - Shot by Kris Letang.
12:10 of 3rd period - Shot Misses the Net.
12:16 of 3rd period - Shot by Colin Wilson.
12:16 of 3rd period - Stopped by Kari Lehtonen with a rebound.
13:20 of 3rd period - Shot by Dustin Penner.
13:20 of 3rd period - Stopped by Kari Lehtonen without a rebound.
13:21 of 3rd period - Michal Handzus wins face-off versus Aleksander Barkov in Oilers zone.
14:31 of 3rd period - Shot by Mike Richards.
14:31 of 3rd period - Stopped by Kari Lehtonen without a rebound.
14:32 of 3rd period - Mikael Granlund wins face-off versus Travis Zajac in Oilers zone.
14:59 of 3rd period - Shot by Travis Zajac.
14:59 of 3rd period - Stopped by Ilya Bryzgalov without a rebound.
15:00 of 3rd period - Ryan Nugent-Hopkins wins face-off versus Dainius Zubrus in Kings zone.
15:25 of 3rd period - Shot by Mike Richards.
15:25 of 3rd period - Stopped by Kari Lehtonen without a rebound.
15:26 of 3rd period - Travis Zajac wins face-off versus Mikael Granlund in Oilers zone.
15:26 of 3rd period - Travis Zajac is hit by Brian Gionta.
15:29 of 3rd period - Icing by Marc Methot.
15:30 of 3rd period - Travis Zajac wins face-off versus Mikael Granlund in Oilers zone.
16:44 of 3rd period - Shot by Ryan Nugent-Hopkins.
16:44 of 3rd period - Stopped by Kari Lehtonen without a rebound.
16:45 of 3rd period - Aleksander Barkov wins face-off versus Blair Jones in Oilers zone.
17:19 of 3rd period - Olli Maatta beats up Jamie McBain.
17:19 of 3rd period - Penalty to Olli Maatta for Fighting.
17:19 of 3rd period - Penalty to Jamie McBain for Fighting.
17:20 of 3rd period - Dainius Zubrus wins face-off versus Ryan Nugent-Hopkins in Kings zone.
17:41 of 3rd period - Shot by Ryan Nugent-Hopkins.
17:41 of 3rd period - Shot Blocked by Dennis Wideman.
18:24 of 3rd period - Charlie Coyle is hit by Dennis Seidenberg and loses puck.
18:43 of 3rd period - Shot by Dennis Seidenberg.
18:43 of 3rd period - Shot Misses the Net.
18:45 of 3rd period - Shot by Dennis Seidenberg.
18:45 of 3rd period - Stopped by Kari Lehtonen without a rebound.
18:46 of 3rd period - Michal Handzus wins face-off versus Travis Zajac in Oilers zone.
19:15 of 3rd period - Icing by J.T. Brown.
19:16 of 3rd period - Aleksander Barkov wins face-off versus Michal Handzus in Kings zone.
19:27 of 3rd period - Shot by J.T. Brown.
19:27 of 3rd period - Stopped by Kari Lehtonen without a rebound.
19:28 of 3rd period - Mats Zuccarello wins face-off versus Ryan Nugent-Hopkins in Oilers zone.
19:35 of 3rd period - Dennis Seidenberg is hit by Colin McDonald.
Goals for this period are 1 for Kings vs 1 for Oilers.
Shots for this period are 15 for Kings vs 8 for Oilers.


Output by the SimonT Hockey Simulator (STHS) for Stephane Roy -- Original Page W3C XHTML 1.0 Valid
Hockey Simulator - Hockey Simulation - Hockey Manager